 Dungeon Crawl Stone Soup version 0.31.0-32-g396128a36d (webtiles) character file.

Game seed: 8114397796361397701

41 601d51SH the Chopper (level 3, 0/31 HPs)
             Began as a Hill Orc Fighter on Apr 3, 2024.
             Slain by a gnoll
             ... wielding a +0 club
              (3 damage)
             ... on level 3 of the Dungeon.
             The game lasted 00:02:35 (1463 turns).

601d51SH the Chopper (Hill Orc Fighter)             Turns: 1463, Time: 00:02:37

Health: 0/31       AC:  6    Str: 26    XL:     3   Next: 52%
Magic:  3/3        EV:  9    Int:  8    God:
Gold:   85         SH:  4    Dex: 10    Spells: 2/2 levels left

rFire   . . .        a - +0 war axe
rCold   . . .        c - +0 buckler
rNeg    . . .        b - +0 scale mail
rPois   +            (no helmet)
rElec   .            (no cloak)
rCorr   .            (no gloves)
SInv    .            (no boots)
Will    .....        (no amulet) Stlth
                     j - +6 ring of strength
HPRegen 0.25/turn    k - ring of poison resistance
MPRegen 0.08/turn

%: no passive effects
@: no status effects
A: no striking features
a: no special abilities


You were on level 3 of the Dungeon.
You visited 1 branch of the dungeon, and saw 3 of its levels.

You collected 85 gold pieces.

Inventory:

Hand Weapons
 a - a +0 war axe (weapon)
Missiles
 l - 12 poisoned darts (quivered)
Armour
 b - a +0 scale mail (worn)
 c - a +0 buckler (worn)
Jewellery
 j - a +6 ring of strength (left hand)
 k - a ring of poison resistance (right hand)
Scrolls
 e - a scroll of silence {unknown}
 f - a scroll of teleportation {unknown}
 g - a scroll of enchant weapon {unknown}
 h - a scroll of enchant armour {unknown}
 m - a scroll of noise {unknown}
 o - a scroll of fear {unknown}
 p - a scroll of vulnerability {unknown}
Potions
 d - a potion of might
 i - a potion of attraction {unknown}
 n - a potion of enlightenment {unknown}


   Skills:
 - Level 3.6 Fighting
 + Level 5.1 Axes
 - Level 3.2 Armour
 - Level 3.2 Shields


You had 2 spell levels left.
You didn't know any spells.
Your spell library was empty.

Dungeon Overview and Level Annotations

Branches:
Dungeon (3/15)

Altars:

Shops:
D:2 [

Annotations:
D:3 Ijyb


Message History

You climb downwards.
Found a scroll labelled QIMI ULIRAIKEO.
There is a stone staircase leading up here.
No target in view!
An endoplasm comes into view.
The endoplasm quivers.
An endoplasm is nearby!
A gnoll comes into view. It is wielding a +0 halberd.
Found an escape hatch in the floor.
The gnoll shouts!
A gnoll comes into view. It is wielding a +0 spear.
A gnoll comes into view. It is wielding a +0 club.
Found a coppery potion.
The gnoll shouts!
An adder comes into view.
You block the endoplasm's attack.
The adder hisses angrily.
You hit the endoplasm but do no damage. You block the gnoll's attack.
The endoplasm hits you.
You slash the endoplasm!
You kill the endoplasm!
The gnoll hits you from afar with a +0 halberd!
You barely miss the gnoll.
The gnoll hits you from afar with a +0 halberd!
Ijyb the Twisted Goblin comes into view.
She is wielding a +2 dagger of holy wrath and carrying a wand of paralysis.
An orc comes into view. It is wielding a +0 flail.
The gnoll hits you from afar with a +0 spear.
* * * LOW HITPOINT WARNING * * *
You are too injured to fight recklessly!
You are too injured to fight recklessly!
You are too injured to fight recklessly!
You are too injured to fight recklessly!
The orc shouts!
You hit the gnoll.
The gnoll is lightly wounded.
The gnoll closely misses you.
The gnoll hits you from afar with a +0 spear.
* * * LOW HITPOINT WARNING * * *
The gnoll hits you with a +0 club.
You die...

##...o....g.
!#..........
...>.......#
...........###
.............
.....?gg...####
.......S.......
.......@g.######
................
#............##
#............###..
#.................
#.........<#.####
#..........#.#
##........## .
##......##


You could see Ijyb, 3 gnolls, an adder and an orc.

Vanquished Creatures
  An orc (D:2)
  6 endoplasms
  4 giant cockroaches
  3 goblins
  2 hobgoblins
  3 kobolds (D:1)
  2 quokkas (D:1)
  4 ball pythons
  4 bats
  3 frilled lizards
  4 rats
36 creatures vanquished.

Notes
Turn   | Place    | Note
-------+----------+-------------------------------------------
     0 | D:1      | 601d51SH the Hill Orc Fighter began the quest for the Orb.
     0 | D:1      | Reached XP level 1. HP: 19/19 MP: 1/1
    31 | D:1      | Reached skill level 3 in Axes
    81 | D:1      | Reached XP level 2. HP: 26/26 MP: 2/2
   189 | D:1      | Reached skill level 4 in Axes
   590 | D:1      | Reached XP level 3. HP: 27/31 MP: 3/3
   744 | D:2      | Found a faded altar of an unknown god.
  1095 | D:2      | Reached skill level 5 in Axes
  1185 | D:2      | Found Achong's Armour Shop.
  1462 | D:3      | Noticed Ijyb
  1463 | D:3      | Slain by a gnoll

Illustrated notes

Levels and vault maps discovered:
D:1:      minmay_arrival_cross, layout_basic, serial_bayou_crossing
D:2:      layout_basic, chequers_ecumenical_altar_twisty, serial_shops, shop,
          minmay_heptomino_d4
D:3:      layout_rooms, nicolae_the_louvre, uniq_ijyb

Skill      XL: |  1  2  3 |
---------------+----------+-----
Axes           | 3 4 5 |  5.1
Fighting       | |  3.6
Armour         | |  3.2
Shields        | |  3.2

Action                     || total
---------------------------++-------
  Melee: War axe           ||    86
 Armour: Scale mail        ||    62
  Dodge: Dodged            ||    37
  Block: Buckler           ||    23
